 Dungeon Crawl Stone Soup version 0.30-a0-169-g06f667207d (webtiles) character file.

Game seed: 4183028031593607526

413 qw the Chopper (level 6, 0/39 HPs)
             Began as a Gargoyle Fighter on Sept 29, 2022.
             Slain by a steam dragon (5 damage)
             ... on level 4 of the Dungeon.
             The game lasted 00:01:05 (3705 turns).

qw the Chopper (Gargoyle Fighter)                   Turns: 3705, Time: 00:01:06

Health: 0/39       AC: 14    Str: 22    XL:     6   Next: 91%
Magic:  6/6        EV: 11    Int:  8    God:
Gold:   182        SH:  9    Dex:  9    Spells: 5/5 levels left

rFire   . . .      SeeInvis .    Y - +0 war axe
rCold   . . .      Faith    .    c - +0 buckler
rNeg    + . .      Spirit   .    l - +0 chain mail
rPois   inf        Reflect  +    f - +0 helmet
rElec   +          Harm     .    (no cloak)
rCorr   .          Rampage  .    (no gloves)
Will    .....                    (no boots)
Stlth   ..........               h - amulet of reflection
HPRegen 0.13/turn                e - +4 ring of evasion
MPRegen 0.10/turn                (no ring)

@: no status effects
A: sickness immunity, AC +4, negative energy resistance 1, electricity
resistance, torment resistance 1, petrification resistance, talons 1
a: no special abilities


You were on level 4 of the Dungeon.
You visited 1 branch of the dungeon, and saw 4 of its levels.

You collected 182 gold pieces.


Innate Abilities, Weirdness & Mutations

You are immune to sickness and miasma.
Your stone body is resilient. (AC +4)
You are immune to poison.
You resist negative energy. (rN+)
You are resistant to electric shocks. (rElec)
You are resistant to unholy torment.
You are immune to petrification.
You have sharp toenails.


   Skills:
 - Level 4.4 Fighting
 - Level 6.0 Axes
 - Level 3.2 Armour
 + Level 0.0 Dodging
 - Level 3.2 Shields


You had 5 spell levels left.
You didn't know any spells.
Your spell library was empty.

Inventory:

Hand Weapons
 b - a +1 mace of holy wrath
 Y - a +0 war axe (weapon)
Armour
 c - a +0 buckler (worn)
 f - a +0 helmet (worn)
 l - a +0 chain mail (worn)
Jewellery
 e - a +4 ring of evasion (left hand)
 h - an amulet of reflection (around neck)
Scrolls
 i - a scroll of identify
Potions
 a - a potion of lignification {unknown}
 d - a potion of might
 g - a potion of experience {unknown}
 n - 2 potions of mutation
 o - a potion of flight {unknown}

Dungeon Overview and Level Annotations

Branches:
Dungeon (4/15)
 Temple: D:4-7

Altars:


Message History

You block the goblin's attack.
You hit the goblin. Your kick misses the goblin.
The goblin is severely wounded.
The goblin hits you but does no damage. x2
You hit the goblin but do no damage. Your kick misses the goblin.
The goblin is severely wounded.
The goblin hits you but does no damage.
You hit the goblin.
You kill the goblin!
You now have 182 gold pieces (gained 14).
Things that are here:
a +0 dagger; a goblin corpse The steam dragon hisses angrily.
A steam dragon is nearby!
You closely miss the steam dragon. Your kick misses the steam dragon.
You block the steam dragon's attack. x2
You hit the steam dragon but do no damage.
You claw the steam dragon.
The steam dragon is lightly wounded.
The steam dragon breathes steam at you. The ball of steam hits you!
The steam dragon bites you! You block the steam dragon's attack.
You slash the steam dragon! Your kick misses the steam dragon.
The steam dragon is heavily wounded.
You are engulfed in a cloud of scalding steam.
The steam dragon bites you. You block the steam dragon's attack.
You hit the steam dragon. Your kick misses the steam dragon.
The steam dragon is heavily wounded.
You are engulfed in a cloud of scalding steam.
The steam dragon bites you.
The steam dragon claws you but does no damage.
You closely miss the steam dragon. You claw the steam dragon.
The steam dragon is severely wounded.
You are engulfed in a cloud of scalding steam.
You block the steam dragon's attack.
The steam dragon claws you but does no damage.
You hit the steam dragon. Your kick misses the steam dragon.
The steam dragon is severely wounded.
The steam dragon bites you.
You die...

##### # #.#.#######.#
#.#...........
#............#
##############.............
...................####....
##############.............
#..¤.............
#..¤.¤@D......#. #########
#...%¤.#.###.....
........######...#....¤....
.......................D...
#######.##................
#.##.#####.####.#..
#.#......#.# .. .
#.#..###.#.# #.
#.#..###.#.#


You could see a steam dragon.

Vanquished Creatures
  Edmund (D:4)
  A scorpion (D:4)
  A hound (D:4)
  Jessica (D:2)
  Natasha (thrice) (D:2)
  Robin (D:2)
  2 adders
  An orc (D:3)
  6 endoplasms
  2 giant cockroaches
  16 goblins
  6 hobgoblins
  5 kobolds
  3 quokkas
  6 ball pythons
  2 bats (D:3)
  2 frilled lizards
  3 rats
62 creatures vanquished.

Vanquished Creatures (others)
  A hound (D:4)
1 creature vanquished.

Grand Total: 63 creatures vanquished

Notes
Turn   | Place    | Note
-------+----------+-------------------------------------------
     0 | D:1      | qw the Gargoyle Fighter began the quest for the Orb.
     0 | D:1      | Reached XP level 1. HP: 14/14 MP: 1/1
     0 | D:1      | 0 ||| qw: Version: 0.2-a-12-gaebbb33
     0 | D:1      | 0 ||| qw: Game counter: 1359
     0 | D:1      | 0 ||| qw: Always use a shield: true
     0 | D:1      | 0 ||| qw: God list: Okawaru
     0 | D:1      | 0 ||| qw: Allow faded altars: false
     0 | D:1      | 0 ||| qw: Do Orc after D:15 true
     0 | D:1      | 0 ||| qw: Do second Lair branch before Depths: true
     0 | D:1      | 0 ||| qw: Lair rune preference: random
     0 | D:1      | 0 ||| qw: Plans: Normal, Zot:1-4, God:TSO, Crypt, Tomb,
                  | Pan, Slime:5, Hells, Abyss, Orb
     0 | D:1      | 0 ||| PLANNING D:1-11
    46 | D:1      | Reached skill level 2 in Axes
   246 | D:1      | Reached XP level 2. HP: 19/19 MP: 2/2
   371 | D:1      | 371 ||| Stepping ~*~*~tactically~*~*~ (stealth).
   804 | D:1      | 804 ||| UPGRADING to +0 chain mail.
   814 | D:1      | 814 ||| DROPPING +0 scale mail.
   815 | D:1      | 815 ||| UPGRADING to amulet of reflection.
   820 | D:1      | 820 ||| UPGRADING to +4 ring of evasion.
   821 | D:1      | 821 ||| READING 2 scrolls labelled PEL XUDEOTEIV.
   825 | D:1      | 825 ||| READING scroll labelled GEPTASAVVU.
   826 | D:1      | 826 ||| READING scroll labelled ITYXU TALUNT.
   827 | D:1      | 827 ||| READING scroll labelled POCITA UWYO.
   881 | D:2      | Noticed Jessica
   895 | D:2      | HP: 3/19 [Jessica/+0 club (6)]
   895 | D:2      | HP: 1/19 [Jessica/nerve-wracking pain (2)]
   896 | D:2      | 896 ||| READING scroll of teleportation.
   898 | D:2      | Killed Jessica
   899 | D:2      | Reached skill level 3 in Axes
   899 | D:2      | Reached XP level 3. HP: 1/23 MP: 3/3
   906 | D:2      | 906 ||| FLEEEEING.
   907 | D:2      | 907 ||| FLEEEEING.
   908 | D:2      | 908 ||| FLEEEEING.
   909 | D:2      | 909 ||| FLEEEEING.
   910 | D:2      | 910 ||| FLEEEEING.
   911 | D:2      | 911 ||| FLEEEEING.
   912 | D:2      | 912 ||| FLEEEEING.
   913 | D:2      | 913 ||| FLEEEEING.
   914 | D:2      | 914 ||| STAIRDANCE
  1204 | D:2      | 1204 ||| STAIRDANCE
  1315 | D:2      | Noticed Robin
  1324 | D:2      | Killed Robin
  1325 | D:2      | Reached XP level 4. HP: 18/28 MP: 4/4
  1329 | D:2      | Reached skill level 4 in Axes
  1431 | D:2      | 1431 ||| DROPPING +0 whip.
  1432 | D:2      | 1432 ||| DROPPING +0 club.
  1467 | D:2      | Noticed Natasha
  1473 | D:2      | Killed Natasha
  1617 | D:2      | Identified the +1 robe of Daffodils {Rampage Regen+}
  1644 | D:2      | Found a faded altar of an unknown god.
  1795 | D:2      | 1795 ||| Stepping ~*~*~tactically~*~*~ (stealth).
  1993 | D:2      | Noticed Natasha
  1997 | D:2      | Killed Natasha
  1998 | D:2      | Reached XP level 5. HP: 28/32 MP: 5/5
  2339 | D:2      | 2339 ||| UPGRADING to +0 helmet.
  2344 | D:2      | 2344 ||| READING scroll labelled OCIAMO SUOCSU.
  2345 | D:2      | 2345 ||| READING scroll labelled NIHEN XOLY.
  2403 | D:2      | 2403 ||| READING scroll labelled NIYJOI NEKKENI.
  2404 | D:2      | 2404 ||| READING scroll labelled LETANU MOBYRISS.
  2405 | D:2      | 2405 ||| DRINKING 2 viscous black potions.
  2419 | D:2      | Noticed Natasha
  2430 | D:2      | Killed Natasha
  2431 | D:2      | Reached skill level 5 in Axes
  2795 | D:3      | 2795 ||| Stepping ~*~*~tactically~*~*~ (stealth).
  2953 | D:3      | 2953 ||| Stepping ~*~*~tactically~*~*~ (stealth).
  3114 | D:3      | 3114 ||| READING scroll labelled ZUUR OTA ZAO.
  3115 | D:3      | 3115 ||| READING scroll labelled UMOANG CARA.
  3116 | D:3      | 3116 ||| READING scroll labelled TANAMN IHOIMA.
  3117 | D:3      | 3117 ||| DRINKING 2 black potions.
  3117 | D:3      | Gained mutation: You have sharp toenails. [potion of
                  | mutation]
  3117 | D:3      | Gained mutation: You are occasionally teleported next to
                  | monsters. [potion of mutation]
  3117 | D:3      | Lost mutation: You are occasionally teleported next to
                  | monsters. [potion of mutation]
  3162 | D:4      | Reached XP level 6. HP: 28/39 MP: 6/6
  3291 | D:4      | Noticed a steam dragon
  3292 | D:4      | 3292 ||| Stepping ~*~*~tactically~*~*~ (cloud).
  3293 | D:4      | 3293 ||| Stepping ~*~*~tactically~*~*~ (cloud).
  3304 | D:4      | HP: 9/39 [steam dragon] (7)]
  3306 | D:4      | 3306 ||| READING scroll of teleportation.
  3307 | D:4      | 3307 ||| DRINKING 2 potions of heal wounds.
  3309 | D:4      | 3309 ||| DRINKING potion of heal wounds.
  3403 | D:4      | Noticed Edmund
  3412 | D:4      | Killed Edmund
  3621 | D:4      | Reached skill level 6 in Axes
  3704 | D:4      | HP: 5/39 [steam dragon] (6)]
  3705 | D:4      | Slain by a steam dragon

Levels and vault maps discovered:
D:1:      dpeg_arrival_short_road, layout_loops_ring
D:2:      layout_basic, serial_corexii_hall, corexii_hall_statues_t,
          corexii_hall_statues_x, chequers_ecumenical_altar_simple,
          uniq_jessica, uniq_robin, uniq_natasha
D:3:      layout_loops_ring, corexii_item_surrounded_by_moat,
          minmay_close_crescents
D:4:      layout_basic, uniq_edmund

Skill      XL: |  1  2  3  4  5  6 |
---------------+-------------------+-----
Axes           | 2 3 4 5 6 |  6.0
Fighting       | 4 |  4.4
Armour         | |  3.2
Shields        | |  3.2

Action                   |  1- 3 |  4- 6 || total
-------------------------+-------+-------++-------
Melee: War axe           |    67 |   124 ||   191
       Kick              |       |    10 ||    10
  Use: Scroll            |     5 |     8 ||    13
       Potion            |       |     4 ||     4
Armor: Scale mail        |    21 |       ||    21
       Chain mail        |    13 |    47 ||    60
Dodge: Dodged            |    28 |    48 ||    76
Block: Buckler           |    25 |    51 ||    76
       Reflection        |     1 |     1 ||     2

Table legend:
 A = Non-vault XP
 B = Vault XP
 C = Vault XP percentage of total XP
 D = Non-vault monster count
 E = Vault monster count
 F = Vault count percentage of total count
                 A         B        C        D         E       F
            +---------+---------+-------+---------+---------+-------
      Total |     315 |     276 |  46.7 |      45 |      18 |  28.6
            +---------+---------+-------+---------+---------+-------
        D:1 |      18 |       0 |   0.0 |      11 |       0 |   0.0
        D:2 |     103 |     109 |  51.4 |      15 |      15 |  50.0
        D:3 |      19 |       3 |  13.6 |      11 |       2 |  15.4
        D:4 |     175 |     164 |  48.4 |       8 |       1 |  11.1
            +---------+---------+-------+---------+---------+-------
